Map: Blackburn LE

Players

Cytotoxic - Winner!

  • Race: Zerg Zerg
  • League: Silver
  • Spawn Location: 5:00

VOD

Have the link to the VOD?

Description

Terran gets rekt.exe

Time

  • Played on: July 3, 2022, 5 p.m.
  • Length: 15:17
Show
View Real Time Build Order
Export as new Build Order

Cytotoxic Zerg - Winner!

Build Orders:  

Get SALT Encoding   

  12  0:00  Drone  
  13  0:17  Overlord  
  13  0:24  Drone  
  14  0:42  Drone x2  
  16  0:55  Drone  
  17  1:13  Hatchery  
  16  1:21  Drone  
  16  1:26  Extractor  
  16  1:28  Drone  
  17  1:47  Spawning Pool  
  17  1:49  Drone  
  17  1:54  Drone  
  18  2:05  Drone  
  19  2:18  Overlord  
  19  2:46  Drone  
  20  2:54  Queen x2  
  20  2:56  Zergling x4  
  26  3:04  Drone  
  26  3:08  Drone  
  28  3:18  Drone  
  29  3:25  Drone  
  30  3:33  Overlord  
  30  3:44  Queen  
  30  3:45  Queen  
  30  3:48  Drone  
  35  4:00  Drone x2  
  35  4:06  Drone  
  38  4:17  Evolution Chamber  
  38  4:19  Roach Warren  
  36  4:21  Drone  
  36  4:29  Overlord  
  37  4:30  Drone  
  38  4:50  Queen  
  38  4:52  Drone  
  38  4:58  Zerg Missile Weapons Level 1  
  41  5:01  Drone  
  41  5:05  Lair  
  42  5:10  Drone x3  
  42  5:13  Drone  
  42  5:19  Overlord  
  46  5:35  Drone x2  
  48  5:44  Hatchery  
  47  5:54  Drone x3  
  50  6:06  Glial Reconstitution  
  50  6:08  Roach  
  52  6:10  Drone  
  52  6:18  Queen x2  
  57  6:21  Roach  
  59  6:31  Extractor  
  59  6:35  Extractor  
  59  6:39  Hydralisk Den  
  56  6:47  Infestation Pit  
  55  6:54  Drone x5  
  60  7:13  Overlord  
  60  7:16  Overlord  
  60  7:24  Drone  
  60  7:27  Drone x2  
  63  7:53  Drone x6  
  63  7:54  Drone x3  
  63  7:56  Roach  
  74  8:19  Hatchery  
  73  8:24  Hatchery  
  73  8:26  Drone  
  73  8:27  Drone x4  
  73  8:28  Hive  
  77  8:30  Overlord  
  77  8:33  Hatchery  
  77  8:34  Overlord  
  77  8:38  Overlord  
  76  8:45  Zerg Missile Weapons Level 2  
  76  8:59  Hydralisk x2  
  80  9:21  Roach x2  
  80  9:22  Roach x4  
  80  9:25  Zergling x4  
  80  9:26  Zergling x2  
  95  9:38  Zergling x6  
  98  10:01  Zergling x2  
  98  10:02  Zergling x6  
  102  10:10  Spire  
  102  10:12  Drone x2  
  102  10:15  Drone x4  
  107  10:23  Extractor  
  107  10:26  Metabolic Boost  
  107  10:27  Extractor  
  107  10:29  Hydralisk x2  
  109  10:36  Unknown  
  109  10:50  Hatchery  
  108  11:07  Hydralisk x4  
  116  11:12  Overlord x2  
  116  11:13  Overlord x9  
  116  11:16  Hatchery  
  115  11:35  Hydralisk x3  
  115  11:36  Hydralisk  
  123  11:42  Zergling x2  
  123  11:43  Zergling x16  
  123  11:49  Overseer  
  132  11:53  Overseer  
  132  12:06  Drone x11  
  143  12:19  Hydralisk  
  145  12:20  Hydralisk x2  
  145  12:24  Zergling x6  
  152  12:34  Drone x4  
  156  12:44  Extractor  
  156  12:46  Drone x6  
  161  12:54  Mutalisk  
  161  12:57  Mutalisk  
  165  13:00  Mutalisk  
  165  13:05  Mutalisk  
  169  13:18  Mutalisk  
  171  13:23  Drone x10  
  181  13:38  Hydralisk x4  
  189  13:40  Zergling x8  
  189  13:41  Zergling x2  
  189  13:43  Zergling x2  
  189  13:45  Zergling x2  
  196  13:59  Zergling x2  
  197  14:00  Zergling x6  
Tags
 
League
Silver
Matchup
Co-op
Add a new tag
Caveats
  • Supply blocks, unpowered buildings, or Contaminate may cause inaccurate times.
  • Supply counts are checked every 10 seconds.